Unix NetHack Version 3.7.0-65 Work-in-progress - last build Sep 26 2022 05:48:34 (a9070be95fe145525c880ceec589f5104d392f49,branch:master).

Game began 2022-09-28 00:23:35, ended 2022-09-28 02:54:43.

Gandelf, neutral male human Monk

  
stone
stone
stone
stone
stone
stone
stone
stone
stone
stone
stone
stone
stone
stone
stone
stone
stone
stone
stone
stone
stone
stone
stone
stone
stone
stone
stone
stone
stone
stone
stone
stone
stone
stone
stone
stone
stone
stone
stone
stone
stone
stone
stone
stone
stone
stone
stone
stone
stone
stone
stone
stone
stone
stone
stone
stone
stone
stone
stone
stone
stone
stone
stone
stone
stone
stone
stone
stone
stone
stone
stone
stone
stone
stone
stone
stone
stone
stone
stone
stone
stone
stone
stone
stone
stone
stone
stone
stone
stone
stone
stone
stone
stone
stone
stone
stone
stone
stone
stone
stone
stone
stone
stone
stone
stone
stone
stone
stone
stone
stone
stone
stone
stone
stone
stone
stone
stone
stone
stone
stone
stone
stone
stone
stone
stone
stone
stone
stone
stone
stone
stone
stone
stone
stone
stone
stone
stone
stone
stone
stone
stone
stone
stone
stone
stone
stone
stone
stone
stone
stone
stone
stone
stone
stone
stone
stone
stone
stone
stone
stone
stone
stone
stone
stone
stone
stone
stone
stone
stone
stone
stone
stone
stone
stone
stone
stone
stone
stone
stone
stone
stone
stone
stone
stone
stone
stone
stone
stone
stone
stone
stone
stone
stone
stone
stone
stone
stone
stone
stone
stone
stone
stone
stone
stone
stone
stone
stone
stone
stone
stone
stone
stone
stone
stone
stone
stone
stone
stone
stone
stone
stone
stone
stone
stone
stone
stone
stone
stone
stone
stone
stone
stone
stone
stone
stone
stone
stone
stone
stone
stone
stone
stone
stone
stone
stone
stone
stone
stone
stone
stone
stone
stone
stone
stone
stone
stone
stone
stone
stone
stone
stone
stone
stone
stone
stone
wall
wall
wall
wall
wall
wall
wall
stone
stone
stone
stone
stone
wall
wall
wall
wall
wall
wall
wall
stone
stone
stone
stone
stone
stone
stone
stone
stone
stone
stone
stone
stone
stone
stone
stone
stone
stone
stone
stone
stone
stone
stone
stone
stone
stone
stone
stone
stone
stone
stone
stone
stone
stone
stone
stone
stone
stone
stone
stone
stone
stone
stone
stone
stone
stone
stone
stone
stone
stone
stone
stone
stone
stone
stone
stone
stone
stone
stone
stone
wall
.dark part of a room
.dark part of a room
.dark part of a room
.dark part of a room
.dark part of a room
wall
wall
wall
stone
stone
stone
wall
.dark part of a room
.dark part of a room
wall
.dark part of a room
>staircase down
wall
stone
stone
stone
stone
stone
stone
stone
stone
stone
stone
stone
stone
stone
stone
stone
stone
stone
stone
stone
stone
stone
stone
stone
stone
stone
stone
stone
stone
stone
stone
stone
stone
stone
stone
stone
stone
stone
stone
stone
stone
stone
stone
stone
stone
stone
stone
stone
stone
stone
stone
stone
stone
stone
stone
stone
stone
stone
stone
stone
stone
wall
.dark part of a room
.dark part of a room
.dark part of a room
.dark part of a room
.dark part of a room
+closed door
.dark part of a room
wall
stone
stone
stone
wall
.dark part of a room
.dark part of a room
0a boulder
.dark part of a room
.dark part of a room
wall
stone
stone
stone
stone
stone
stone
stone
stone
stone
stone
stone
stone
stone
stone
stone
stone
stone
stone
stone
stone
stone
stone
stone
stone
stone
stone
stone
stone
stone
stone
stone
stone
stone
stone
stone
stone
stone
stone
stone
stone
stone
stone
stone
stone
stone
stone
stone
stone
stone
stone
stone
stone
stone
stone
stone
stone
stone
stone
wall
wall
wall
.dark part of a room
.dark part of a room
.dark part of a room
.dark part of a room
.dark part of a room
wall
wall
wall
stone
stone
stone
wall
.dark part of a room
wall
wall
.dark part of a room
wall
wall
wall
stone
stone
stone
stone
stone
stone
stone
stone
stone
stone
stone
stone
stone
stone
stone
stone
stone
stone
stone
stone
stone
stone
stone
stone
stone
stone
stone
stone
stone
stone
stone
stone
stone
stone
stone
stone
stone
stone
stone
stone
stone
stone
stone
stone
stone
stone
stone
stone
stone
stone
stone
stone
stone
stone
stone
stone
stone
wall
.dark part of a room
+closed door
.dark part of a room
.dark part of a room
.dark part of a room
.dark part of a room
.dark part of a room
+closed door
.dark part of a room
wall
stone
stone
wall
wall
.dark part of a room
wall
.dark part of a room
.dark part of a room
0a boulder
.dark part of a room
wall
wall
wall
wall
stone
stone
stone
stone
stone
stone
stone
stone
stone
stone
stone
stone
stone
stone
stone
stone
stone
stone
stone
stone
stone
stone
stone
stone
stone
stone
stone
stone
stone
stone
stone
stone
stone
stone
stone
stone
stone
stone
stone
stone
stone
stone
stone
stone
stone
stone
stone
stone
stone
stone
stone
stone
stone
stone
wall
.dark part of a room
wall
.dark part of a room
.dark part of a room
.dark part of a room
.dark part of a room
.dark part of a room
wall
wall
wall
stone
wall
wall
.dark part of a room
.dark part of a room
wall
.dark part of a room
.dark part of a room
.dark part of a room
.dark part of a room
.dark part of a room
.dark part of a room
.dark part of a room
wall
stone
stone
stone
stone
stone
stone
stone
stone
stone
stone
stone
stone
stone
stone
stone
stone
stone
stone
stone
stone
stone
stone
stone
stone
stone
stone
stone
stone
stone
stone
stone
stone
stone
stone
stone
stone
stone
stone
stone
stone
stone
stone
stone
stone
stone
stone
stone
stone
stone
stone
stone
stone
stone
stone
wall
.dark part of a room
wall
.dark part of a room
.dark part of a room
.dark part of a room
.dark part of a room
.dark part of a room
+closed door
.dark part of a room
wall
stone
wall
.dark part of a room
0a boulder
.dark part of a room
wall
wall
wall
wall
0a boulder
.dark part of a room
0a boulder
.dark part of a room
wall
stone
stone
stone
stone
stone
stone
stone
stone
stone
stone
stone
stone
stone
stone
stone
stone
stone
stone
stone
stone
stone
stone
stone
stone
stone
stone
stone
stone
stone
stone
stone
stone
stone
stone
stone
stone
stone
stone
stone
stone
stone
stone
stone
stone
stone
stone
stone
stone
stone
stone
stone
stone
stone
stone
wall
.dark part of a room
wall
.dark part of a room
.dark part of a room
.dark part of a room
.dark part of a room
.dark part of a room
wall
wall
wall
stone
wall
0a boulder
.dark part of a room
.dark part of a room
wall
.dark part of a room
.dark part of a room
wall
.dark part of a room
0a boulder
0a boulder
.dark part of a room
wall
stone
stone
stone
stone
stone
stone
stone
stone
stone
stone
stone
stone
stone
stone
stone
stone
stone
stone
stone
stone
stone
stone
stone
stone
stone
stone
stone
stone
stone
stone
stone
stone
stone
stone
stone
stone
stone
stone
stone
stone
stone
stone
stone
stone
stone
stone
stone
stone
stone
stone
stone
stone
stone
stone
wall
.dark part of a room
wall
wall
wall
wall
wall
wall
wall
stone
stone
stone
wall
.dark part of a room
.dark part of a room
0a boulder
wall
.dark part of a room
.dark part of a room
0a boulder
.dark part of a room
.dark part of a room
.dark part of a room
.dark part of a room
wall
stone
stone
stone
stone
stone
stone
stone
stone
stone
stone
stone
stone
stone
stone
stone
stone
stone
stone
stone
stone
stone
stone
stone
stone
stone
stone
stone
stone
stone
stone
stone
stone
stone
stone
stone
stone
stone
stone
stone
stone
stone
stone
stone
stone
stone
stone
stone
stone
stone
stone
stone
stone
stone
stone
wall
.dark part of a room
wall
stone
stone
stone
stone
stone
stone
stone
stone
wall
wall
.dark part of a room
0a boulder
0a boulder
.dark part of a room
.dark part of a room
.dark part of a room
wall
.dark part of a room
0a boulder
.dark part of a room
0a boulder
wall
wall
stone
stone
stone
stone
stone
stone
stone
stone
stone
stone
stone
stone
stone
stone
stone
stone
stone
stone
stone
stone
stone
stone
stone
stone
stone
stone
stone
stone
stone
stone
stone
stone
stone
stone
stone
stone
stone
stone
stone
stone
stone
stone
stone
stone
stone
stone
stone
stone
stone
stone
stone
stone
stone
wall
.dark part of a room
wall
stone
stone
stone
stone
stone
stone
stone
stone
wall
.dark part of a room
0a boulder
.dark part of a room
.dark part of a room
wall
.dark part of a room
.dark part of a room
wall
.dark part of a room
.floor of a room
0a boulder
0a boulder
.dark part of a room
wall
stone
stone
stone
stone
stone
stone
stone
stone
stone
stone
stone
stone
stone
stone
stone
stone
stone
stone
stone
stone
stone
stone
stone
stone
stone
stone
stone
stone
stone
stone
stone
stone
stone
stone
stone
stone
stone
stone
stone
stone
stone
stone
stone
stone
stone
stone
stone
stone
stone
stone
stone
stone
stone
wall
.dark part of a room
wall
stone
stone
stone
stone
stone
stone
stone
stone
wall
.dark part of a room
.dark part of a room
0a boulder
.dark part of a room
wall
wall
wall
wall
0a boulder
.floor of a room
.dark part of a room
.dark part of a room
.dark part of a room
wall
stone
stone
stone
stone
stone
stone
stone
stone
stone
stone
stone
stone
stone
stone
stone
stone
stone
stone
stone
stone
stone
stone
stone
stone
stone
stone
stone
stone
stone
stone
stone
stone
stone
stone
stone
stone
stone
stone
stone
stone
stone
stone
stone
stone
stone
stone
stone
stone
stone
stone
stone
stone
stone
wall
.dark part of a room
wall
stone
stone
stone
stone
stone
stone
stone
stone
wall
.dark part of a room
.dark part of a room
.dark part of a room
wall
wall
stone
stone
wall
wall
.floor of a room
wall
.dark part of a room
/a wand
wall
stone
stone
stone
stone
stone
stone
stone
stone
stone
stone
stone
stone
stone
stone
stone
stone
stone
stone
stone
stone
stone
stone
stone
stone
stone
stone
stone
stone
stone
stone
stone
stone
stone
stone
stone
stone
stone
stone
stone
stone
stone
stone
stone
stone
stone
stone
stone
stone
stone
stone
stone
stone
stone
wall
.dark part of a room
wall
stone
stone
stone
stone
stone
stone
stone
stone
wall
wall
wall
wall
wall
stone
stone
stone
stone
wall
.floor of a room
wall
wall
wall
wall
stone
stone
stone
stone
stone
stone
stone
stone
stone
stone
stone
stone
stone
stone
stone
stone
stone
stone
stone
stone
stone
stone
stone
stone
stone
stone
stone
stone
stone
stone
stone
stone
stone
stone
stone
stone
stone
stone
stone
stone
stone
stone
stone
stone
stone
stone
stone
stone
stone
stone
stone
stone
stone
wall
.dark part of a room
wall
wall
wall
wall
wall
wall
wall
wall
wall
wall
wall
wall
wall
wall
wall
wall
wall
wall
wall
@human monk called Gandelf
.floor of a room
wall
stone
stone
stone
stone
stone
stone
stone
stone
stone
stone
stone
stone
stone
stone
stone
stone
stone
stone
stone
stone
stone
stone
stone
stone
stone
stone
stone
stone
stone
stone
stone
stone
stone
stone
stone
stone
stone
stone
stone
stone
stone
stone
stone
stone
stone
stone
stone
stone
stone
stone
stone
stone
stone
stone
stone
wall
.dark part of a room
.dark part of a room
^hole
^hole
^hole
^hole
^hole
^hole
^hole
^hole
^hole
^hole
^hole
^hole
^hole
^hole
^hole
^hole
%a pancake
mgiant mimic, holding you
0a boulder
.floor of a room
wall
stone
stone
stone
stone
stone
stone
stone
stone
stone
stone
stone
stone
stone
stone
stone
stone
stone
stone
stone
stone
stone
stone
stone
stone
stone
stone
stone
stone
stone
stone
stone
stone
stone
stone
stone
stone
stone
stone
stone
stone
stone
stone
stone
stone
stone
stone
stone
stone
stone
stone
stone
stone
stone
stone
stone
wall
wall
wall
wall
wall
wall
wall
wall
wall
wall
wall
wall
wall
wall
wall
wall
wall
wall
wall
wall
wall
wall
wall
wall
stone
stone
stone
stone
stone
stone
stone
stone
stone
stone
stone
stone
stone
stone
stone
stone
stone
stone
stone
stone
stone
stone
stone
stone
stone
stone
stone
stone
stone
stone
stone
stone
stone
stone
stone
stone
stone
stone
stone
stone
stone
stone
stone
stone
stone
stone
stone
stone
stone
stone
stone
stone
stone
stone
stone
stone
stone
stone
stone
stone
stone
stone
stone
stone
stone
stone
stone
stone
stone
stone
stone
stone
stone
stone
stone
stone
stone
stone
stone
stone
stone
stone
stone
stone
stone
stone
stone
stone
stone
stone
stone
stone
stone
stone
stone
stone
stone
stone
stone
stone
stone
stone
stone
stone
stone
stone
stone
stone
[Gandelf the Novice ] St:15 Dx:13 Co:13 In:8 Wi:16 Ch:12 Neutral S:1010 Dlvl:3 $:146 HP:0(30) Pw:23(23) AC:2 Xp:4/141 T:2212

Latest messages:

With great effort you move the boulder.
With great effort you move the boulder.
With great effort you move the boulder.
With great effort you move the boulder.
The boulder falls into and plugs a hole in the floor!
With great effort you move the boulder.
The boulder falls into and plugs a hole in the floor!
With great effort you move the boulder.
With great effort you move the boulder.
You hit the yeti!
The yeti hits!
The yeti misses!
The yeti misses!
You hit the yeti!
You kill the yeti!
Q - a slime mold.
With great effort you move the boulder.
The boulder falls into and plugs a hole in the floor!
You see here a yeti corpse.
With great effort you move the boulder.
You see here a yeti corpse.
The boulder falls into and plugs a hole in the floor!
The boulder won't roll diagonally on this floor.
With great effort you move the boulder.
The boulder falls into and plugs a hole in the floor!
In what direction? j
Whammm!!
In what direction? j
As you kick the door, it crashes open!
You see here a spiked wand.
R - a spiked wand.
You see here 2 eggs.
E - 2 eggs (4 in total).
You climb up the stairs.
With great effort you move the boulder.
With great effort you move the boulder.
With great effort you move the boulder.
You hear a monster behind the boulder.
Perhaps that's why you cannot move it.
Wait! That's a giant mimic!
You hit the giant mimic.
The giant mimic hits!
The giant mimic hits!
What do you want to drink? [efsw or ?*] ?
Never mind.
You hit the giant mimic.
You hit the giant mimic.
The giant mimic hits!
You die...
Do you want your possessions identified? [ynq] (y) q

Inventory:

Coins

$ - 146 gold pieces

Amulets

I - an uncursed amulet versus poison (being worn)

Weapons

k - 7 cursed +0 arrows
l - a cursed +0 long sword

Armor

a - an uncursed +2 pair of leather gloves (being worn)
J - a cursed +0 pair of iron shoes (being worn)
K - a blessed +0 dwarvish cloak
b - an uncursed +1 robe (being worn)

Comestibles

Q - an uncursed slime mold
h - 4 uncursed apples
r - 2 uncursed cream pies
g - an uncursed food ration
u - an uncursed partly eaten food ration
z - 6 uncursed food rations
m - a cursed food ration
j - 5 uncursed fortune cookies
A - 4 uncursed fortune cookies
H - 2 uncursed melons
i - 5 uncursed oranges
G - an uncursed orange
P - 2 uncursed tripe rations
E - 4 uncursed eggs
n - an uncursed lichen corpse

Scrolls

C - a blessed scroll of earth
D - an uncursed scroll of earth
d - an uncursed scroll of enchant armor
x - an uncursed scroll of scare monster
o - an uncursed scroll of stinking cloud

Spellbooks

p - an uncursed spellbook of force bolt
c - a blessed spellbook of protection

Potions

w - a blessed potion of extra healing
s - an uncursed potion of object detection
e - 2 uncursed potions of water
f - an uncursed potion of water

Rings

B - a cursed ring of stealth
O - an uncursed ring of sustain ability
M - an uncursed ring of teleport control

Wands

R - a wand of cancellation (0:7)
N - a wand of light (0:15)
F - a wand of probing (0:7)

Tools

t - an uncursed tin opener
y - an uncursed tin whistle

Gandelf the Monk's attributes:


Background:

You were a Novice, a level 4 male human Monk.
You were neutral, nominally on a mission for Chih Sung-tzu
who was opposed by Shan Lai Ching (lawful) and Huan Ti (chaotic).
You were in Sokoban, on level 3.
You entered the dungeon 2212 turns ago.
It was nighttime.
You had 141 experience points, 19 more were needed to attain level 5.
Your score was 1010 before end-of-game adjustments.

Basics:

You had 0 out of 30 hit points.
You had all 23 energy points (spell power).
Your armor class was 2.
Your wallet contained 146 zorkmids.
Autopickup was off.

Final Characteristics:

Your strength was 15 (limit:18/100).
Your dexterity was 13 (limit:18).
Your constitution was 13 (limit:18).
Your intelligence was 8 (limit:18).
Your wisdom was 16 (limit:18).
Your charisma was 12 (limit:18).

Final Status:

You were held by a giant mimic (southwest).
You were not hungry.
You were unencumbered.
You were empty handed.
You had basic skill with martial arts.

Final Attributes:

You were devoutly aligned.
You were sleep resistant.
You were poison resistant.
You saw invisible.
You were guarded.
You were fast.
You are dead.

Miscellaneous:
You never encountered a bones level.
Total elapsed playing time was 23 minutes.

Major events:

Turn

1: Gandelf the neutral male human Monk entered the dungeon
969: attained the rank of Novice (level 3)
1202: entered Sokoban
1433: completed 1st Sokoban level
1849: completed 2nd Sokoban level
2175: completed 3rd Sokoban level
2212: killed by a giant mimic

Vanquished creatures:

a yeti
an imp
a dwarf
a giant bat
a dwarf zombie
2 gas spores
a giant rat
2 yellow molds
a red mold
2 jackals
2 foxes
a kobold
a goblin
a sewer rat
5 grid bugs
a lichen
2 kobold zombies
4 newts
30 creatures vanquished.
No species were genocided or became extinct.

Voluntary challenges:

You followed a strict vegan diet.
You were an atheist.
You never hit with a wielded weapon.
You were illiterate.
You never engraved Elbereth.
You never genocided any monsters.
You never polymorphed an object.
You never changed form.
You used no wishes.
You did not violate any of the special Sokoban rules.

Achievements:

You attained the rank of Novice.
You entered Sokoban.

The Dungeons of Doom: levels 1 to 7

   Level 1:
A fountain.
Level 2:
A sink.
Level 3:
Level 4:
Level 5:
Level 6:
Level 7:
Stairs up to Sokoban, level 6.

Sokoban: levels 6 up to 3

   Level 3: <- You were here.
Unsolved.
Final resting place for
you, killed by a giant mimic.
Level 4:
Solved.
Level 5:
Solved.
Level 6:
Solved.

Game over:

----------
/ \
/ REST \
/ IN \
/ PEACE \
/ \
| Gandelf |
| 146 Au |
| killed by a |
| giant mimic |
| |
| |
| 2022 |
*| * * * | *
_________)/\\_//(\/(/\)/\//\/|_)_______

Goodbye Gandelf the Monk...


You died in Sokoban on dungeon level 3 with 996 points,
and 146 pieces of gold, after 2212 moves.
You were level 4 with a maximum of 30 hit points when you died.